 Dungeon Crawl Stone Soup version 0.31.0-1-g2c135a0 (webtiles) character file.

Game seed: 7288631633497261294

60 Kel the Cudgeller (level 3, 0/33 HPs)
             Began as a Draconian Berserker on Feb 10, 2024.
             Was a Believer of Trog.
             Succumbed to a scorpion's poison
             ... on level 3 of the Dungeon.
             The game lasted 00:02:48 (1630 turns).

Kel the Cudgeller (Draconian Berserker)             Turns: 1630, Time: 00:02:49

Health: 0/33       AC:  6    Str: 21    XL:     3   Next: 82%
Magic:  3/3        EV: 12    Int:  7    God:    Trog [**....]
Gold:   91         SH:  0    Dex: 10    Spells: 2/2 levels left

rFire   . . .        a - +0 mace
rCold   . . .        (no shield)
rNeg    . . .        (body armour unavailable)
rPois   .            (helmet restricted)
rElec   .            (no cloak)
rCorr   .            f - +0 pair of gloves
SInv    .            (no boots)
Will    .....        (no amulet)
Stlth   +            (no ring)
HPRegen 0.25/turn    (no ring)
MPRegen 0.08/turn

%: no passive effects
@: lethally poisoned (0 -> -17)
A: AC +5, unfitting armour, cold-blooded
a: Renounce Religion, Berserk, Trog's Hand


You were on level 3 of the Dungeon.
You worshipped Trog.
Trog was pleased with you.
You visited 1 branch of the dungeon, and saw 3 of its levels.

You collected 91 gold pieces.

Inventory:

Hand Weapons
 a - a +0 mace (weapon)
Armour
 f - a +0 pair of gloves (worn)
Wands
 k - a wand of roots (14)
Scrolls
 b - a scroll of teleportation {unknown}
 c - 7 scrolls of identify {unknown}
 e - a scroll of revelation {unknown}
 g - a scroll of amnesia {unknown}
 i - a scroll of poison {unknown}
Potions
 d - a potion of might {unknown}
 h - a potion of curing {unknown}
 j - a potion of attraction {unknown}
 l - a potion of brilliance {unknown}
 m - 2 potions of mutation {unknown}
 n - a potion of resistance {unknown}


   Skills:
 + Level 3.8 Fighting
 * Level 4.0 Maces & Flails
 + Level 3.2 Dodging


You had 2 spell levels left.
You didn't know any spells.
Your spell library was empty.

Dungeon Overview and Level Annotations

Branches:
Dungeon (3/15)

Altars:

Shops:
D:2 =


Innate Abilities, Weirdness & Mutations

Your plain brown scales are hard. (AC +5)
You cannot fit into any form of body armour.
You are cold-blooded and may be slowed by cold attacks.


Message History

You hit the scorpion but do no damage.
The scorpion is heavily wounded.
You feel sick. The scorpion misses you. The scorpion barely misses you.
You barely miss the scorpion.
The scorpion is heavily wounded.
You feel sick. The scorpion barely misses you.
You hit the scorpion but do no damage.
The scorpion is heavily wounded.
You feel sick. The scorpion misses you.
You closely miss the scorpion.
The scorpion is heavily wounded.
You feel sick.
You are no longer poisoned.
The scorpion misses you. x2
You hit the scorpion.
Your tail-slap misses the scorpion.
The scorpion is severely wounded.
The scorpion stings you.
You are poisoned.
The scorpion poisons you!
You hit the scorpion but do no damage.
Your tail-slap misses the scorpion.
The scorpion is severely wounded.
You feel very sick. The scorpion stings you.
The scorpion stings you but does no damage.
You closely miss the scorpion.
The scorpion is severely wounded.
* * * LOW HITPOINT WARNING * * *
You feel very sick. The scorpion barely misses you.
You hit the scorpion but do no damage. You tail-slap the scorpion.
The scorpion is almost dead.
* * * LOW HITPOINT WARNING * * *
You feel sick. The scorpion closely misses you. The scorpion stings you.
* * * LOW HITPOINT WARNING * * *
You are more poisoned.
The scorpion poisons you!
Unknown command.
You barely miss the scorpion.
The scorpion is almost dead.
You die...

#.# #.#
#.# #.#
#.# #.#
#.#
########.#
......s@.#
##########


You could see a scorpion.

Vanquished Creatures
  An adder (D:2)
  A dart slug (D:2)
  A ribbon worm (D:3)
  5 bats
  7 endoplasms
  A giant cockroach (D:3)
  2 goblins
  3 hobgoblins
  5 quokkas
  6 ball pythons
  2 frilled lizards
  3 kobolds
  6 rats
43 creatures vanquished.

Notes
Turn   | Place    | Note
-------+----------+-------------------------------------------
     0 | D:1      | Kel the Draconian Berserker began the quest for the Orb.
     0 | D:1      | Reached XP level 1. HP: 19/19 MP: 1/1
   306 | D:1      | Reached XP level 2. HP: 26/26 MP: 2/2
   403 | D:1      | Found a faded altar of an unknown god.
   828 | D:2      | Reached XP level 3. HP: 26/31 MP: 3/3
   829 | D:2      | Reached ** piety under Trog
  1279 | D:2      | Found Bekh's Jewellery Shoppe.
  1534 | D:3      | Reached skill level 4 in Maces & Flails
  1611 | D:3      | Noticed a scorpion
  1630 | D:3      | Succumbed to a scorpion's poison

Illustrated notes

Levels and vault maps discovered:
D:1:      minmay_arrival_wavy_path, layout_basic, ebering_ecumenical_altar_rust
D:2:      layout_loops_ring, serial_shops, nicolae_shop_gaudy_bauble,
          minmay_tall_x
D:3:      layout_loops_ring, serial_shops, shop

Skill      XL: |  1  2  3 |
---------------+----------+-----
Dodging        | 3 |  3.2
Maces & Flails | 4 |  4.0
Fighting       | |  3.8

Action                     || total
---------------------------++-------
  Melee: Mace              ||   136
         Tailslap          ||    13
         Punch             ||     1
   Stab: Sleeping          ||     1
 Armour: Skin              ||    72
  Dodge: Dodged            ||    87
